 Dungeon Crawl Stone Soup version 0.29-a0-821-g66395355a5 (webtiles) character file.

Game seed: 5116492194886379105

10163 porpoise the Envoy of Void (level 11, -2/86 HPs)
             Began as a Demonspawn Abyssal Knight on July 8, 2022.
             Was a High Priest of Lugonu.
             Killed from afar by a gargoyle (19 damage)
             ... with a stone arrow
             ... on level 11 of the Dungeon.
             The game lasted 00:37:53 (11644 turns).

porpoise the Envoy of Void (DsAK)                  Turns: 11644, Time: 00:37:55

Health: -2/86      AC: 26    Str: 18    XL:     11   Next: 32%
Magic:  17/17      EV: 13    Int: 17    God:    Lugonu [*****.]
Gold:   516        SH:  4    Dex: 13    Spells: 14/16 levels left

rFire   . . .      SeeInvis .   a - +9 hand axe of Patience {protect, rC+ rCorr}
rCold   + . .      Faith    .   (no shield)
rNeg    . . .      Spirit   .   k - +4 leather armour "Teofurog" {Will+}
rPois   +          Reflect  .   p - +0 helmet
rElec   .          Harm     .   f - scarf {+Inv}
rCorr   +          Rampage  .   L - +0 pair of gloves of the Swan {Contam Fly rPois Int+5}
Will    +++..                   (no boots)
Stlth   +.........              (no amulet)
HPRegen 0.24/turn               C - ring of willpower
MPRegen 0.15/turn               K - ring of willpower

@: sanguine armoured, under a protective aura, flying, hasted and slowed
A: hooves 1, powered by death 2, sanguine armour 2, condensation shield
a: Renounce Religion, Evoke Invisibility, Depart the Abyss, Bend Space, Banish,
Corrupt, Enter the Abyss


You were on level 11 of the Dungeon.
You worshipped Lugonu.
Lugonu was extremely pleased with you.
You visited 2 branches of the dungeon, and saw 12 of its levels.
You visited the Abyss 1 time.
You also visited: Sewer.

You collected 516 gold pieces.

Inventory:

Hand Weapons
 a - the +9 hand axe of Patience (weapon) {protect, rC+ rCorr}
   (You found it in a sewer)

   It grants its wielder temporary protection when it strikes (+7 to AC).
   rC:        It protects you from cold.
   rCorr:     It protects you from acid and corrosion.
 b - a +1 sling of chaos
 q - a +0 trident
 w - the +10 short sword of Defiance {antimagic, rElec rC- Int+7 Dex+4}
   (You found it on level 5 of the Dungeon)

   It reduces the magical energy of the wielder, and disrupts the spells and
   magical abilities of those it strikes.
   Natural abilities and divine invocations are not affected.
   Int:       It affects your intelligence (+7).
   Dex:       It affects your dexterity (+4).
   rC:        It makes you vulnerable to cold.
   rElec:     It insulates you from electricity.
 H - a +2 hand axe of electrocution
Missiles
 e - 4 boomerangs
 j - 23 poisoned darts
 O - a throwing net
Armour
 f - a scarf of invisibility (worn)
 k - the +4 leather armour "Teofurog" (worn) {Will+}
   (You found it on level 2 of the Dungeon)

   Will:      It increases your willpower.
 n - a +1 pair of gloves
 p - a +0 helmet (worn)
 u - a +2 leather armour of fire resistance
 L - the +0 pair of gloves of the Swan (worn) {Contam Fly rPois Int+5}
   (You found it on level 9 of the Dungeon)

   Int:       It affects your intelligence (+5).
   rPois:     It protects you from poison.
   Fly:       It grants you flight.
   Contam:    It causes magical contamination when unequipped.
 M - a +0 pair of boots
 R - +0 acid dragon scales
Magical Staves
 g - a staff of conjuration
 P - a staff of death
Jewellery
 C - a ring of willpower (left hand)
 K - a ring of willpower (right hand)
Wands
 m - a wand of polymorph (17)
 x - a wand of mindburst (21)
 y - a wand of flame (57)
 B - a wand of roots (2)
 I - a wand of quicksilver (11)
Scrolls
 h - 6 scrolls of teleportation
 l - 4 scrolls of amnesia
 r - 2 scrolls of magic mapping
 s - 2 scrolls of noise
 t - 3 scrolls of identify
 v - a scroll of enchant weapon
 z - 2 scrolls of enchant armour
 A - 2 scrolls of fear
 J - a scroll of immolation
 Q - a scroll of fog {unknown}
Potions
 c - 4 potions of mutation
 d - 6 potions of curing
 i - 3 potions of attraction
 o - a potion of flight
 D - a potion of might
 E - a potion of invisibility
 F - 2 potions of haste
 G - 4 potions of heal wounds
 N - 3 potions of degeneration {unknown}


   Skills:
 + Level 7.9 Fighting
 - Level 2.0 Short Blades
 * Level 8.8(9.2) Axes
 - Level 3.5(6.6) Maces & Flails
 - Level 7.0 Armour
 + Level 3.8 Dodging
 - Level 3.3 Spellcasting
 - Level 0.5 Transmutations
 - Level 9.0 Invocations
 - Level 5.0 Evocations


You had 14 spell levels left.
You knew the following spells:

 Your Spells              Type           Power      Damage    Failure   Level
w - Wereblood             Tmut           4%         N/A       24%         2

Your spell library contained the following spells:

 Spells                   Type           Power      Damage    Failure   Level
 Apportation              Tloc           4%         N/A       21%         1
 Necrotise                Necr           8%         1d4       21%         1
 Shock                    Conj/Air       8%         1d3       21%         1
 Summon Small Mammal      Summ           8%         N/A       21%         1
 Passwall                 Tmut/Erth      2%         N/A       26%         2
 Ensorcelled Hibernation  Hex/Ice        4%         N/A       30%         2
 Poisonous Vapours        Pois/Air       4%         N/A       30%         2
 Spider Form              Tmut/Pois      3%         N/A       45%         3
 Frozen Ramparts          Ice            4%         1d2       52%         3
 Swiftness                Air            2%         N/A       52%         3
 Ice Form                 Ice/Tmut       3%         N/A       86%         4
 Airstrike                Air            1%         0-2+      89%         4
 Anguish                  Hex/Necr       1%         N/A       89%         4
 Summon Ice Beast         Ice/Summ       2%         N/A       89%         4
 Alistair's Intoxication  Tmut/Pois      2%         N/A       99%         5
 Chain Lightning          Conj/Air       1%         3d1       100%        9
 Fire Storm               Conj/Fire      1%         7d1       100%        9
 Shatter                  Erth           1%         3d5*      100%        9


Dungeon Overview and Level Annotations

Branches:
Dungeon (11/15)            Temple (1/1) D:4           Sewer (visited)
   Lair: D:8-11         Orc: D:9-12

Altars:
Fedhas
Hepliaklqana
Kikubaaqudgha
Makhleb
Nemelex Xobeh
Okawaru
Ru
Sif Muna
Trog
Vehumet
Xom

Shops:
D:10 ?

Annotations:
D:6 2 transporters, zhov's ghost, novice TeHu
D:7 2 transporters


Innate Abilities, Weirdness & Mutations

You have large cloven feet.
You regenerate health from kills.
When seriously injured, your blood forms thick armour. (AC +9)
A meltable shield of frost defends you. (SH +4)


Message History

The black bear bites you but does no damage.
The black bear misses you. The black bear barely misses you.
The gargoyle hits you but does no damage.
You hit the gargoyle but do no damage.
The gargoyle is severely damaged.
You barely miss the black bear. You hit the wraith. You hit the gargoyle.
You kick the gargoyle, but do no damage.
The gargoyle is almost destroyed.
You hit the wraith. You hit the black bear. The wraith hits you.
The wraith drains your vigour!
You feel yourself slow down.
The black bear goes berserk!
The gargoyle closely misses you.
You hit the gargoyle but do no damage.
The gargoyle is almost destroyed.
You closely miss the wraith. You barely miss the black bear.
The black bear barely misses you. x2
The black bear claws you but does no damage.
The wraith barely misses you.
The gargoyle hurls a stone arrow at you.
The stone arrow hits you!!
* * * LOW HITPOINT WARNING * * *
You hit the gargoyle. Your kick misses the gargoyle.
The gargoyle is almost destroyed.
You barely miss the black bear. You hit the wraith but do no damage.
You block the black bear's attack. The black bear barely misses you.
The black bear claws you but does no damage.
The wraith barely misses you.
The gargoyle hurls a stone arrow at you.
The stone arrow hits you.
* * * LOW HITPOINT WARNING * * *
The black bear bites you but does no damage.
The black bear claws you but does no damage.
You block the black bear's attack.
You slash the black bear!
You kill the black bear!
Lugonu accepts your kill.
You hit the gargoyle but do no damage. You barely miss the wraith.
The gargoyle hurls a stone arrow at you.
The stone arrow hits you!!
You die...

#... ...###.. #..
...... ##.. .... #
#..# #..# #
#..#######..#### #
#..#..#..#..#.)#
#.....#........# .
#....###)9W...###.§..
#........@###§..J..#
#.#........#........#
#.##....#..#..#..#..#
#.###...#######..# ##
#.###...#..# .#
#.)........# .§
####......## ..
##........ ...
##.......


You could see a wraith and a gargoyle.

Vanquished Creatures
  A two-headed ogre (D:11)
  An ugly thing (D:11)
  An unseen horror (D:10)
  A komodo dragon (D:10)
  A troll (D:10)
  Grinder (D:5)
  A slime creature (D:11)
  Sigmund (D:3)
  2 shadows
  4 wyverns
  2 wraiths
  16 yaks
  Eustachio (D:4)
  A steam dragon (D:9)
  An acid dragon (D:11)
  A water moccasin (D:9)
  Duvessa (D:5)
  4 orc warriors
  An ice beast (D:6)
  Pargi (Sewer)
  2 black bears
  2 ogres
  5 centaurs
  A phantom (D:6)
  A kobold brigand (D:7)
  6 scorpions
  A gnoll sergeant (D:9)
  2 necrophages
  Dowan (D:5)
  12 killer bees
  5 howler monkeys
  A hound (D:7)
  A jelly (D:6)
  A gnoll bouda (D:6)
  16 orc priests
  3 iguanas
  8 orc wizards
  10 gnolls
  3 adders
  2 shadow imps
  2 ufetubi (D:6)
  2 dart slugs
  19 orcs
  5 bats
  3 bat zombies (D:3)
  3 endoplasms
  8 giant cockroaches
  6 goblins
  4 hobgoblins
  11 kobolds
  6 quokkas
  10 ball pythons
  4 frilled lizards
  6 rats
  3 rat zombies (D:3)
218 creatures vanquished.

Vanquished Creatures (others)
  A hornet (D:9)
  A fungus (D:11)
2 creatures vanquished.

Grand Total: 220 creatures vanquished

Notes
Turn   | Place    | Note
-------+----------+-------------------------------------------
     0 | Abyss:1  | porpoise the Demonspawn Abyssal Knight began the quest for
                  | the Orb.
     0 | Abyss:1  | Reached XP level 1. HP: 18/18 MP: 2/2
     1 | D:1      | Escaped the Abyss
   368 | D:1      | Gained mutation: You regenerate a little health from kills.
                  | [demonic ancestry]
   368 | D:1      | Reached XP level 2. HP: 20/24 MP: 3/3
   964 | D:1      | Reached *** piety under Lugonu
  1086 | D:2      | Identified the +4 leather armour "Teofurog" {Will+}
  1556 | D:2      | Reached XP level 3. HP: 29/29 MP: 4/4
  2392 | D:3      | Found a glowing drain.
  2409 | Sewer    | Entered a sewer
  2457 | Sewer    | Noticed Pargi
  2476 | Sewer    | Killed Pargi
  2477 | Sewer    | Gained mutation: A meltable shield of frost defends you.
                  | (SH +4) [demonic ancestry]
  2477 | Sewer    | Reached XP level 4. HP: 15/38 MP: 5/5
  2689 | Sewer    | Identified the +9 hand axe of Patience {protect, rC+ rCorr}
  2805 | D:3      | Noticed an ogre
  2813 | D:3      | Killed an ogre
  2814 | D:3      | Reached skill level 1 in Axes
  2814 | D:3      | Reached skill level 3 in Invocations
  2814 | D:3      | Gained mutation: You have large cloven feet. [demonic
                  | ancestry]
  2814 | D:3      | Reached XP level 5. HP: 32/43 MP: 5/7
  2894 | D:3      | Got the Spellbook of the Transmuted Snake
  2898 | D:3      | Learned a level 2 spell: Wereblood
  3088 | D:3      | Found a faded altar of an unknown god.
  3143 | D:3      | Noticed Ijyb
  3144 | D:3      | Noticed Ijyb
  3144 | D:3      | Ijyb changed into Ijyb the howler monkey
  3151 | D:3      | Killed Ijyb the howler monkey
  3231 | D:3      | Reached **** piety under Lugonu
  3232 | D:3      | Reached XP level 6. HP: 50/50 MP: 8/8
  3260 | D:3      | Noticed Sigmund
  3270 | D:3      | Killed Sigmund
  3271 | D:3      | Reached skill level 5 in Fighting
  3271 | D:3      | Reached skill level 4 in Invocations
  3462 | D:3      | Found an ancient bone altar of Kikubaaqudgha.
  3717 | D:4      | Found a shimmering altar of Xom.
  3806 | D:4      | Noticed Eustachio
  3824 | D:4      | Gained mutation: You regenerate health from kills. [demonic
                  | ancestry]
  3824 | D:4      | Reached XP level 7. HP: 56/56 MP: 10/10
  3829 | D:4      | Killed Eustachio
  3833 | D:4      | Found a blossoming altar of Fedhas.
  4168 | D:4      | Found a staircase to the Ecumenical Temple.
  4172 | Temple   | Entered the Ecumenical Temple
  4513 | D:5      | Entered Level 5 of the Dungeon
  4569 | D:5      | Found a shimmering blue altar of Sif Muna.
  4575 | D:5      | Reached skill level 5 in Invocations
  4730 | D:5      | Identified the +10 short sword of Defiance {antimagic,
                  | rElec rC- Int+7 Dex+4}
  4862 | D:5      | Noticed Grinder
  4877 | D:5      | Killed Grinder
  4878 | D:5      | Reached skill level 5 in Axes
  4878 | D:5      | Reached XP level 8. HP: 41/64 MP: 12/12
  5143 | D:5      | Noticed Duvessa
  5143 | D:5      | Noticed Dowan
  5148 | D:5      | Killed Duvessa
  5149 | D:5      | Reached skill level 6 in Invocations
  5157 | D:5      | Killed Dowan
  5304 | D:6      | Reached skill level 1 in Short Blades
  5429 | D:6      | Reached skill level 7 in Invocations
  5728 | D:6      | Reached skill level 8 in Invocations
  5777 | D:6      | Gained mutation: When seriously injured, your blood forms
                  | armour. (AC +9) [demonic ancestry]
  5777 | D:6      | Reached XP level 9. HP: 72/72 MP: 15/15
  5905 | D:6      | Noticed zhov's ghost (novice TeHu)
  5912 | D:6      | Found a transporter.
  5915 | D:6      | Found a transporter.
  6163 | D:7      | Found a transporter.
  6357 | D:7      | Reached skill level 9 in Invocations
  6468 | D:7      | Found a sacrificial altar of Ru.
  6539 | D:7      | Found a transporter.
  6543 | D:7      | Noticed a kobold demonologist
  6650 | D:7      | Reached skill level 1 in Evocations
  7257 | D:8      | Reached ***** piety under Lugonu
  7513 | D:8      | Reached skill level 5 in Armour
  8129 | D:8      | Reached XP level 10. HP: 42/79 MP: 16/16
  8148 | D:8      | Reached skill level 1 in Spellcasting
  8269 | D:9      | Paralysed by a hornet for 2 turns
  8327 | D:9      | Reached skill level 5 in Evocations
  8713 | D:9      | Identified the +0 pair of gloves of the Swan {Contam Fly
                  | rPois Int+5}
  8906 | D:10     | Entered Level 10 of the Dungeon
  9180 | D:10     | Found a burning altar of Makhleb.
  9274 | D:9      | Reached skill level 1 in Dodging
 10392 | D:10     | Gained mutation: When seriously injured, your blood forms
                  | thick armour. (AC +9) [demonic ancestry]
 10392 | D:10     | Reached XP level 11. HP: 51/84 MP: 17/17
 10504 | D:10     | Found Qifok's Magic Scroll Shop.
 10597 | D:10     | Found a hazy altar of Hepliaklqana.
 10597 | D:10     | Found a sparkling altar of Nemelex Xobeh.
 11134 | D:11     | Noticed a purple ugly thing
 11153 | D:11     | Killed a purple ugly thing
 11176 | D:11     | Noticed a deep elf pyromancer
 11517 | D:11     | Noticed a two-headed ogre
 11526 | D:11     | Killed a two-headed ogre
 11644 | D:11     | Killed from afar by a gargoyle

Illustrated notes

Levels and vault maps discovered:
D:1:      spicycebolla_green_bress_n_ham, layout_basic,
          minmay_misc_feat_nine_boxes, moated_statue, minmay_misc_feat_encased
D:2:      layout_basic
D:3:      layout_loops_ring, lemuel_zombie_altar_kikubaaqudgha,
          gup_sewer_entry_pipe, hellmonk_ecumenical_altar_zigzags,
          hangedman_abyss_or_decor_stabs, uniq_ijyb, uniq_sigmund
D:4:      layout_cave_pods, mainiacjoe_overflow_alcove_2, fedhas_altar_2,
          temple_hall_moat, uniq_eustachio
D:5:      layout_basic, nicolae_sif_muna_little_library, uniq_grinder,
          uniq_duvessa
D:6:      minmay_spotlight, layout_basic, gammafunk_ghost_hive
D:7:      gammafunk_wand_slinger, layout_loops_corners,
          amethyst_overflow_temple_binary
D:8:      layout_loops_ring
D:9:      layout_big_octagon
D:10:     layout_loops_cross, chequers_temple_overflow_statue_of_worship,
          serial_shops, shop
D:11:     hangedman_cross_cluster, layout_cave_pools, david_lair_generic,
          minmay_orc_entry_temple_small, minmay_radiant
Temple:   nicolae_temple_ecumenical_triangle

Skill      XL: |  1  2  3  4  5  6  7  8  9 10 11 |
---------------+----------------------------------+-----
Maces & Flails | 2 3 |  3.5
Fighting       | 4 5 6 7 |  7.9
Axes           | 1 2 3 5 6 8 |  8.8
Invocations    | 3 4 5 8 9 |  9.0
Short Blades   | 2 |  2.0
Armour         | 2 5 7 |  7.0
Evocations     | 4 5 |  5.0
Spellcasting   | 3 |  3.3
Dodging        | 2 3 |  3.8
Transmutations | |  0.5

Action                   |  1- 3 |  4- 6 |  7- 9 | 10-12 || total
-------------------------+-------+-------+-------+-------++-------
Melee: Mace              |   135 |     9 |       |       ||   144
       Hand axe          |       |    61 |   252 |   325 ||   638
       Kick              |       |     8 |    75 |   118 ||   201
       Punch             |       |       |     2 |     6 ||     8
 Fire: Sling             |     2 |       |    75 |     3 ||    80
Evoke: Wand              |       |     1 |       |     1 ||     2
  Use: Scroll            |     5 |     2 |     8 |     3 ||    18
       Potion            |     1 |       |     3 |     2 ||     6
 Stab: Sleeping          |     2 |       |       |       ||     2
Armor: Leather armour    |    56 |    31 |   128 |   177 ||   392
Dodge: Dodged            |    97 |    52 |   132 |   144 ||   425
Block: Other             |       |    11 |    49 |    57 ||   117

Table legend: (Time is in decaauts)
 A = Elapsed time spent in this place.
 B = Non-inter-level travel time spent in this place.
 C = Inter-level travel time spent in this place.
 D = Time resting spent in this place.
 E = Time spent auto-exploring this place.
 F = Levels seen in this place.
 G = Mean time per level.
                   A        B        C        D        E       F      G
               +--------+--------+--------+--------+--------+-----+--------+
         Total |  11669 |  11174 |    495 |   3054 |   6029 |  14 |  833.5 |
       Dungeon |  11302 |  10807 |    495 |   2880 |   6014 |  11 | 1027.5 |
        Temple |      1 |      1 |      0 |      0 |      0 |   1 |    1.0 |
         Abyss |      1 |      1 |      0 |      0 |      0 |   1 |    1.0 |
         Sewer |    363 |    363 |      0 |    174 |     15 |   1 |  363.0 |
               +--------+--------+--------+--------+--------+-----+--------+

Top non-repeatable levels by time:
    D:10: 1659 daAuts
     D:2: 1294 daAuts
     D:9: 1260 daAuts
     D:8: 1193 daAuts
     D:1: 1051 daAuts
     D:3: 957 daAuts
     D:7: 893 daAuts
     D:4: 882 daAuts
     D:6: 821 daAuts
     D:5: 735 daAuts
    D:11: 551 daAuts
   Sewer: 363 daAuts
  Temple: 1 daAuts
 Abyss:1: 1 daAuts
